AoeStats
← ZamSerg

Fortress

507685672Analyzed
4v4 RM · 12d ago on Sep 19, 2026· 28m 9s· 8 players
Game mode
Random Map
Map size
Huge
Population
200
Speed
Normal
Resources
Standard
Victory
Conquest
Starting age
Dark Age
Ending age
Imperial Age
RankedLock teamsTeams togetherTeam positionsShared explorationLock speedFull tech treeHidden civsTurbo modeCheats
Victory
Defeat
🇫🇮 Dravidians · Finland
1338
+10
🇷🇺 Burgundians · Russia
1227
+14
🇹🇷 Goths · Türkiye
1221
+15
🇩🇪 Britons · Germany
1219
+15
🇺🇸 Vietnamese · United States
1297
-18
🇨🇳 Persians · China
1185
-13
🇨🇳 Franks · China
1148
-12
🇷🇺 Bohemians · Russia
1144
-11
Sunday x Junior
7:17 Feudal Age
8:09 Double-Bit Axe
8:04 Horse Collar
12:59 Castle Age
12:05 Fletching
13:51 Bow Saw
13:56 Bodkin Arrow
16:05 Ballistics
22:32 Padded Archer Armor
23:48 Thumb Ring
23:59 Leather Archer Armor
ZamSerg
2:09 Double-Bit Axe
4:22 Horse Collar
7:33 Feudal Age
7:47 Feudal Age
12:04 Castle Age
10:55 Bow Saw
11:01 Horse Collar
11:46 Gold Mining
17:37 Heavy Plow
19:40 Scale Barding Armor
21:45 Gold Shaft Mining
22:02 Loom
22:53 Wheelbarrow
23:07 Stone Mining
24:36 Hand Cart
24:07 Town Watch
28:22 Imperial Age
28:29 Imperial Age
26:54 Chain Barding Armor
26:44 Forging
Rin
9:39 Feudal Age
10:19 Man-at-Arms
11:03 Double-Bit Axe
14:42 Castle Age
13:38 Wheelbarrow
14:26 Forging
16:08 Bow Saw
15:44 Horse Collar
16:29 Long Swordsman
17:10 Squires
17:13 Scale Mail Armor
19:36 Chain Mail Armor
22:21 Gold Mining
23:14 Iron Casting
24:41 Heavy Plow
Tsunade
7:31 Feudal Age
6:03 Loom
11:21 Castle Age
9:51 Double-Bit Axe
9:59 Horse Collar
12:24 Bow Saw
18:24 Wheelbarrow
19:10 Gold Mining
20:18 Loom
20:20 Town Watch
20:28 Town Watch
23:49 Imperial Age
21:41 Fletching
22:10 Padded Archer Armor
22:25 Bodkin Arrow
22:39 Heavy Plow
23:32 Ballistics
23:29 Leather Archer Armor
24:52 Bracer
25:58 Chemistry
26:22 Two-Man Saw
25:53 Conscription
26:27 Ring Archer Armor
27:09 Hand Cart
MrSmiley
5:50 Loom
7:36 Feudal Age
9:36 Double-Bit Axe
12:07 Castle Age
9:52 Horse Collar
13:17 Bow Saw
13:10 Heavy Plow
19:43 Wheelbarrow
18:59 Town Watch
19:43 Scale Barding Armor
20:48 Bloodlines
20:39 Husbandry
20:39 Gold Mining
23:05 Hand Cart
27:14 Imperial Age
25:46 Chain Barding Armor
25:36 Forging
26:11 Chatras
27:53 Iron Casting
27:52 Elite Battle Elephant
xcfotrp131
7:27 Feudal Age
11:37 Castle Age
9:31 Double-Bit Axe
13:23 Bow Saw
17:56 Wheelbarrow
18:06 Loom
25:51 Imperial Age
24:23 Hand Cart
25:16 Scale Barding Armor
26:57 Forging
26:11 Cavalier
27:53 Chain Barding Armor
27:37 Husbandry
MU CHEN
7:45 Feudal Age
11:36 Castle Age
10:07 Double-Bit Axe
10:11 Horse Collar
13:07 Bow Saw
23:50 Masonry
xxxx
7:28 Feudal Age
10:16 Horse Collar
12:44 Castle Age
11:21 Double-Bit Axe
13:36 Bow Saw
16:36 Heavy Plow
20:00 Fletching
Connection lost

Rejoining the realm…

Still unreachable

The connection could not be restored.

Session expired

The server has moved on; the page needs a fresh start.